 Dungeon Crawl Stone Soup version 0.24.0-37-gcf1ca852f1 (webtiles) character file.

Game seed: 4406621036516576042, levelgen mode: deterministic

59 Kobolds4U the Sneak (level 3, -1/19 HPs)
             Began as a Deep Elf Conjurer on Dec 7, 2019.
             Slain by a goblin
             ... wielding a +0 dagger
             ... led by Robin
              (5 damage)
             ... on level 2 of the Dungeon.
             The game lasted 00:05:04 (1375 turns).

Kobolds4U the Sneak (Deep Elf Conjurer)             Turns: 1375, Time: 00:05:05

Health: -1/19      AC:  3    Str:  5    XL:     3   Next: 78%
Magic:  10/10      EV: 13    Int: 19    God:
Gold:   86         SH:  0    Dex: 16    Spells: 4/10 levels left

rFire    . . .     SeeInvis .   f - +0 dagger
rCold    . . .     Gourm    .   (no shield)
rNeg     . . .     Faith    .   a - +0 robe
rPois    .         Spirit   .   o - +0 helmet
rElec    .         Reflect  .   (no cloak)
rCorr    .         Harm     .   (no gloves)
MR       .....                  (no boots)
Stlth    +++.......             b - amulet of regeneration
HPRegen  0.46/turn              (no ring)
MPRegen  0.12/turn              (no ring)

@: no status effects
A: no striking features
a: no special abilities


You were on level 2 of the Dungeon.
You were not hungry.

You visited 1 branch of the dungeon, and saw 2 of its levels.

You collected 86 gold pieces.

Inventory:

Hand Weapons
 f - a +0 dagger (weapon)
Armour
 a - a +0 robe (worn)
 o - a +0 helmet (worn)
Jewellery
 b - an amulet of regeneration (around neck)
 l - a +3 ring of strength {unknown}
Scrolls
 e - 4 scrolls of teleportation {unknown}
 h - a scroll of remove curse {unknown}
 i - a scroll of noise {unknown}
 j - 2 scrolls of enchant weapon {unknown}
 m - a scroll of fear {unknown}
 n - a scroll of blinking {unknown}
Potions
 g - 2 potions of invisibility {unknown}
 k - a potion of mutation {unknown}
Comestibles
 c - 2 rations
 d - a chunk of flesh


   Skills:
 + Level 0.1 Fighting
 - Level 2.4 Dodging
 * Level 4.7 Stealth
 - Level 4.0 Spellcasting
 - Level 4.3 Conjurations


You had 4 spell levels left.
You knew the following spells:

 Your Spells              Type           Power        Failure   Level  Hunger
a - Magic Dart            Conj           ###.         2%          1    None
b - Searing Ray           Conj           ###...       3%          2    ##.....
c - Dazzling Spray        Conj/Hex       ##....       17%         3    ###....

Your spell library contained the following spells:

 Spells                   Type           Power        Failure   Level  Hunger
 Iskenderun's Mystic Bla  Conj           ###.....     22%         4    ####...
 Force Lance              Conj/Tloc      ##......     50%         4    ####...
 Fulminant Prism          Conj/Hex       ##........   50%         4    ####...


Dungeon Overview and Level Annotations

Branches:
Dungeon (2/15)

Altars:

Annotations:
D:2 Robin, Terence


Message History

The goblin hits you with a +0 dagger.
A goblin comes into view. It is wielding a -1 club.
The goblin hits you but does no damage. The goblin hits you with a +0 dagger.
The goblin barely misses you.
Robin says, "A pitiful Elf like you will never find the ORB!"
The goblin closely misses you. The goblin misses you.
The goblin hits you with a +0 dagger. The goblin hits you but does no damage.
The goblin shouts!
You hit the goblin.
The goblin is heavily wounded.
You hear a shout!
The goblin hits you with a +0 dagger. The goblin hits you with a +0 dagger!
* * * LOW HITPOINT WARNING * * *
The goblin hits you but does no damage. The goblin hits you.
* * * LOW HITPOINT WARNING * * *
You hit the goblin.
The goblin is moderately wounded.
The goblin hits you with a +0 dagger.
You die...

. .. ##. .. ##### .#
######...###########.#####.
.........+.................
######...##....ggg.g.g..#
######...##(...g@g.####.#
.....'.........gggg...#
######...##.....g..##.#
..(.)..####........# .#
....)..# #........# #
.......# #........# ≈.≈....#
#......).# ## ≈......##
#...(....## ≈≈# g
≈≈≈≈≈≈≈≈#########...##≈≈#..g


You could see Robin, a hobgoblin and 10 goblins.

Vanquished Creatures
  2 adders (D:2)
  An ooze (D:1)
  A dart slug (D:1)
  7 bats
  A giant cockroach (D:1)
  4 goblins
  5 hobgoblins (D:1)
  6 kobolds
  A quokka (D:2)
  2 frilled lizards (D:1)
  4 rats (D:1)
34 creatures vanquished.

Notes
Turn   | Place    | Note
-------+----------+-------------------------------------------
     0 | D:1      | Kobolds4U the Deep Elf Conjurer began the quest for the
                  | Orb.
     0 | D:1      | Reached XP level 1. HP: 10/10 MP: 6/6
   262 | D:1      | Reached XP level 2. HP: 15/15 MP: 5/8
   276 | D:1      | Learned a level 2 spell: Searing Ray
   743 | D:1      | Reached XP level 3. HP: 19/19 MP: 8/10
  1142 | D:2      | Learned a level 3 spell: Dazzling Spray
  1359 | D:2      | Noticed Terence
  1367 | D:2      | Noticed Robin
  1375 | D:2      | Slain by a goblin

Levels and vault maps discovered:
D:1:      mrwooster_arrival_statue, layout_loops_ring
D:2:      layout_basic, serial_rivers, chequers_serial_rivers_small_3,
          chequers_serial_rivers_small_3, chequers_serial_rivers_micro_e,
          chequers_serial_rivers_small_3, chequers_serial_rivers_micro_b,
          uniq_terence, uniq_robin, uniq_jessica

Skill      XL: |  1  2  3 |
---------------+----------+-----
Stealth        | 3 4 |  4.7
Spellcasting   | 4 |  4.0
Fighting       | |  0.1
Dodging        | |  2.4
Conjurations   | |  4.3

Action                   || total
-------------------------++-------
Melee: Dagger            ||    18
 Cast: Magic Dart        ||    51
 Stab: Sleeping          ||     7
  Eat: Chunk             ||     1
Armor: Robe              ||    10
Dodge: Dodged            ||    28
